 Dungeon Crawl Stone Soup version 0.18-a0-1737-gd6c99dd (webtiles) character file.

262 Oooooo the Skirmisher (level 5, -6/72 HPs)
             Began as a Minotaur Fighter on Apr 11, 2016.
             Killed by divine providence
             ... invoked by an orc priest
              (11 damage)
             ... on level 3 of the Dungeon.
             The game lasted 00:04:50 (1266 turns).

Oooooo the Skirmisher (Minotaur Fighter)            Turns: 1266, Time: 00:04:50

Health: -6/72      AC: 22    Str: 21    XL:     5   Next: 97%
Magic:  5/5        EV:  2    Int:  3    God:
Gold:   92         SH:  9    Dex: 10    Spells: 0 memorised, 5 levels left

rFire  . . .     SeeInvis .     a - +0 war axe
rCold  . . .     Gourm    .     (armour currently unavailable)
rNeg   + + +     Faith    .     c - +0 shield
rPois  +         Spirit   .     (helmet currently unavailable)
rElec  .         Dismiss  .     (cloak currently unavailable)
rCorr  .         Reflect  .     (gloves currently unavailable)
SustAt .         Harm     .     (boots currently unavailable)
MR     .....     NoTele   +     k - amulet of rage
Stlth  +.........               (no ring)
                                (no ring)

@: tree-form, not resistant to hostile enchantments, very unstealthy
A: (retaliatory headbutt), (horns 0), dopey 1, subdued magic 2
a: Evoke Berserk Rage


You were on level 3 of the Dungeon.
You were not hungry.
You were a tree.
You visited 1 branch of the dungeon, and saw 3 of its levels.

You collected 92 gold pieces.

Inventory:

Hand Weapons
 a - a +0 war axe (weapon)
Armour
 b - a +1 scale mail (melded)
 c - a +0 shield (worn)
Jewellery
 k - an amulet of rage (around neck)
Potions
 n - a potion of lignification
Comestibles
 f - 2 bread rations
 g - 2 chunks of flesh
 h - a royal jelly


   Skills:
 * Level 5.2 Fighting
 * Level 4.3 Axes
 + Level 4.5 Armour
 + Level 1.9 Dodging
 + Level 4.3 Shields
 + Level 0.8 Spellcasting


You had 5 spell levels left.
You didn't know any spells.

Dungeon Overview and Level Annotations

Branches:
Dungeon (3/15)

Altars:
Elyvilon
Pakellas
Sif Muna
The Shining One

Annotations:
D:3 Purgy


Innate Abilities, Weirdness & Mutations

((You reflexively headbutt those who attack you in melee.))
((You have a pair of horns on your head.))
You are dopey. (Int -2)
Your spells are easier to cast, but less powerful.


Message History

* * * LOW HITPOINT WARNING * * *
Purgy claws you but does no damage. x2; You block the adder's attack.
Drink which item? (? for menu, Esc to quit)
It was a potion of mutation.
You feel extremely strange.
Your connection to magic feels subdued.
You feel stupid.
Your connection to magic feels more subdued.
The orc priest hits you but does no damage.
You block Purgy's attack. Purgy claws you.
* * * LOW HITPOINT WARNING * * *
Purgy claws you but does no damage. The adder bites you but does no damage.
You slash Purgy!
Purgy is heavily wounded.
You completely miss the orc priest. You hit the adder.
The adder is almost dead.
You block Purgy's attack. Purgy claws you but does no damage. Purgy claws you.
* * * LOW HITPOINT WARNING * * *
The adder bites you but does no damage.
The orc priest mumbles some strange prayers to Beogh against you.
Beogh smites you!
You die...

# #. ### #. ... ##
#..#.# .. #..#.##o#
#..†....#
#.##.##.####
#..oTS.....#
####♣#####.#
.###########.#### ..
................#...
.......#......#.....
.........###........
###.####..###...
#.##....# # ##
#.##.##......
#.!..........


You could see Purgy, an orc priest and an adder.

Vanquished Creatures
  Sigmund (D:2)
  An orc priest (D:3)
  2 adders (D:2)
  An ooze (D:1)
  3 dart slugs (D:1)
  2 giant geckos (D:1)
  An orc (D:3)
  3 giant cockroaches
  4 goblins
  A hobgoblin (D:2)
  2 jackals (D:1)
  8 bats
  3 giant newts
  9 kobolds
  5 rats
46 creatures vanquished.

Notes
Turn   | Place    | Note
--------------------------------------------------------------
     0 | D:1      | Oooooo the Minotaur Fighter began the quest for the Orb.
     0 | D:1      | Reached XP level 1. HP: 19/19 MP: 0/0
    64 | D:1      | Reached XP level 2. HP: 27/27 MP: 1/1
   129 | D:1      | Reached skill level 4 in Fighting
   330 | D:1      | Reached XP level 3. HP: 32/33 MP: 2/2
   660 | D:2      | Found an oddly glowing altar of Pakellas.
   660 | D:2      | Found a deep blue altar of Sif Muna.
   660 | D:2      | Found a white marble altar of Elyvilon.
   660 | D:2      | Found a glowing golden altar of the Shining One.
   808 | D:2      | Reached skill level 1 in Dodging
  1004 | D:2      | Reached XP level 4. HP: 41/41 MP: 3/3
  1024 | D:2      | Noticed Sigmund
  1041 | D:2      | Killed Sigmund
  1041 | D:2      | Reached skill level 5 in Fighting
  1041 | D:2      | Reached XP level 5. HP: 35/48 MP: 3/5
  1248 | D:3      | Noticed Purgy
  1265 | D:3      | Gained mutation: Your spells are a little easier to cast, but a little less powerful. [potion of mutation]
  1265 | D:3      | Gained mutation: You are dopey. (Int -2) [potion of mutation]
  1265 | D:3      | Gained mutation: Your spells are easier to cast, but less powerful. [potion of mutation]
  1266 | D:3      | Killed from afar by an orc priest

Vault maps used:
D:1:      lightli_arrival_chessboard
D:2:      minmay_kobold_bridge, minitemple, first_bread, uniq_sigmund
D:3:      uniq_grinder, uniq_purgy

Skill      XL: |  1  2  3  4 |
---------------+-------------+-----
Fighting       | 4 5 |  5.2
Armour         | 4 |  4.5
Axes           | 3 4 |  4.3
Dodging        | 1 |  1.9
Shields        | 4 |  4.3
Spellcasting   | |  0.8

Action                   |  1- 3 |  4- 6 || total
-------------------------+-------+-------++-------
Melee: War axe           |    88 |    20 ||   108
  Use: Potion            |       |     6 ||     6
       Scroll            |       |     4 ||     4
  Eat: Chunk             |       |     1 ||     1
